Cogmind - Beta 13 --- EXPLORER MODE // 2024.03.05 @ 03:34:09 Player: hemo Result: Escaped! Performance ------------- Evolutions (9) 4500 Regions Visited (28) 5600 Robots Destroyed (301) 1505 Value Destroyed (13092) 13092 Prototype IDs (112) 2240 Alien Tech Used (3) 600 Bonus (12280) 12280 TOTAL SCORE: 39817 Bonus ------- Triggered Max Security 1000 High Alert Combat Kills 179 Follower Combat Kills 1503 Aligned with FarCom 300 Met Zhirov 300 Met Warlord at Base 500 MAIN.C Attacked Warlord 500 Warlord Defense Kills 462 A7 Reached Mainframe 300 Met R17 at Cetus 500 Met Warlord at Research 2000 Invited to Help at Command 2000 Win 3000 Friendly Fire -264 Cogmind --------- Core Integrity 1393/1600 Matter 72/300 Energy 697/700 System Corruption 0% Temperature Hot (222) Movement Flying (32) Location To Epsilon Eridani Parts ------- > --- POWER (2) -------- Vortex Chain Reactor > --- PROPULSION (5) --- Flying Surge-FPA Exoskeleton > --- UTILITY (15) ----- Armored Scrap Engine High-capacity Storage Unit Experimental Optical Array Advanced Terrain Scanner Experimental Terrain Scan Processor Experimental Targeting Computer Experimental Core Analyzer Advanced Transmission Jammer Advanced ECM Suite Advanced Reaction Control System Experimental Cloaking Device Advanced Hacking Suite Advanced Hacking Suite Ghost Barrier > --- WEAPON (4) ------- Hvy. KE Linear Construct/C Shock Maul > --- INVENTORY (20) --- Experimental Cooling System Advanced Coolant Injector Advanced Coolant Injector High-capacity Storage Unit Experimental Energy Well (600) Experimental Energy Well (600) Advanced Matter Compressor (400) Advanced Target Analyzer Improved Armor Integrity Analyzer Particle Accelerator Advanced Kinecellerator Experimental Reaction Control System Beam Splitter Experimental Shock Absorption System Improved Hacking Suite Component Analysis Suite Advanced Dynamic Insulation System Advanced System Restoration Module Heavy Proton Missile Launcher Micro-nuke Launcher Peak State ------------ > --- POWER ------------ Vortex Chain Reactor > --- PROPULSION ------- Flying Surge-FPA Exoskeleton > --- UTILITY ---------- Armored Scrap Engine Advanced Coolant Injector High-capacity Storage Unit Experimental Optical Array Experimental Terrain Scan Processor Experimental Targeting Computer Advanced Kinecellerator Advanced Transmission Jammer Advanced Reaction Control System Experimental Cloaking Device Advanced Hacking Suite Advanced Hacking Suite Experimental System Shield Ghost Barrier > --- WEAPON ----------- Hvy. KE Linear Construct/C Shock Maul > --- INVENTORY -------- Experimental Cooling System Advanced Coolant Injector High-capacity Storage Unit Experimental Energy Well Experimental Energy Well Advanced Matter Compressor Advanced Terrain Scanner Advanced Target Analyzer Experimental Core Analyzer Improved Armor Integrity Analyzer Particle Accelerator Advanced ECM Suite Experimental Reaction Control System Beam Splitter Experimental Shock Absorption System Component Analysis Suite Advanced Dynamic Insulation System Advanced System Restoration Module Heavy Proton Missile Launcher Micro-nuke Launcher [Rating: 212] Favorites ----------- Power Cooled Deuterium Engine Engine Cooled Deuterium Engine Power Core Nuclear Core Reactor Vortex Chain Reactor Propulsion Constructs Wheel Wheel Flight Unit Constructs Utility High-capacity Storage Unit Device Armored Scrap Engine Storage High-capacity Storage Unit Processor Enhanced Optical Array Hackware Experimental System Shield Protection Propulsion Shielding Weapon Constructs Energy Gun Constructs Energy Cannon Constructs Ballistic Gun XL Autogun Array Ballistic Cannon Constructs Launcher Compact Tesla Bomb Launcher Impact Weapon Shock Maul Slashing Weapon Power Sword Piercing Weapon Enhanced Force Lance Special Melee Weapon Dirty Datajack Build | -11 -10 -10 -9 -9 -9 -8 -8 -8 -8 -6 -6 -6 -6 -6 -5 -5 -5 -5 -4 -4 -4 -4 -4 -3 -3 -2 -2 -1 ------- Run | Yrd Mat Min Mat Min Exi Min Mat Sto Rec Fac Was Fac Ext Cet Fac Upp Upp War Pro Fac Upp Upp Zhi Pro Res Res Tes Acc Slots Evolved 19 | . 1 . 2 . . . 2 . . 4 . . . . 2 . . . . 2 . . . . 2 2 . 2 Power 1 | . . . . . . . . . . . . . . . . . . . . 1 . . . . . . . . Propulsion 3 | . . . 1 . . . . . . 1 . . . . 1 . . . . . . . . . . . . . Utility 13 | . 1 . 1 . . . . . . 3 . . . . 1 . . . . 1 . . . . 2 2 . 2 Weapon 2 | . . . . . . . 2 . . . . . . . . . . . . . . . . . . . . . Parts Attached 303 | 9 13 4 19 5 4 . 6 3 4 27 1 11 8 4 20 3 4 8 6 53 19 3 7 6 17 27 1 11 Power 16 | 2 1 1 1 . . . 2 . . . . 2 . . 1 . . 1 . 1 . . 2 . 2 . . . Engine 10 | 2 1 1 . . . . 2 . . . . 2 . . 1 . . 1 . . . . . . . . . . Core 1 | . . . 1 . . . . . . . . . . . . . . . . . . . . . . . . . Reactor 5 | . . . . . . . . . . . . . . . . . . . . 1 . . 2 . 2 . . . Propulsion 17 | 2 1 . 3 3 . . 2 2 2 2 . . . . . . . . . . . . . . . . . . Treads . | . . . . . . . . . . . . . . . . . . . . . . . . . . . . . Leg . | . . . . . . . . . . . . . . . . . . . . . . . . . . . . . Wheel 15 | 2 1 . 3 2 . . 1 2 2 2 . . . . . . . . . . . . . . . . . . Hover . | . . . . . . . . . . . . . . . . . . . . . . . . . . . . . Flight 2 | . . . . 1 . . 1 . . . . . . . . . . . . . . . . . . . . . Utility 229 | 2 8 2 10 2 4 . 1 1 2 25 1 9 8 4 19 1 4 4 5 43 18 2 5 3 13 21 1 11 Device 174 | 1 4 2 4 . 1 . 1 . 1 19 . 8 6 4 17 1 4 3 5 31 17 2 3 2 12 17 1 8 Storage 18 | . 2 . 5 1 3 . . . . . 1 . 2 . . . . . . 3 . . 1 . . . . . Processor 20 | . 2 . . 1 . . . 1 1 4 . . . . 1 . . 1 . 4 . . . 1 1 2 . 1 Hackware 11 | . . . . . . . . . . 2 . 1 . . 1 . . . . 5 . . . . . . . 2 Protection 6 | 1 . . 1 . . . . . . . . . . . . . . . . . 1 . 1 . . 2 . . Artifact . | . . . . . . . . . . . . . . . . . . . . . . . . . . . . . Weapon 41 | 3 3 1 5 . . . 1 . . . . . . . . 2 . 3 1 9 1 1 . 3 2 6 . . Energy Gun 3 | 2 . . . . . . . . . . . . . . . . . 1 . . . . . . . . . . Energy Cannon 7 | . . . . . . . . . . . . . . . . . . . . 2 1 . . 2 1 1 . . Ballistic Gun 15 | 1 3 1 5 . . . 1 . . . . . . . . 2 . 2 . . . . . . . . . . Ballistic Cannon 1 | . . . . . . . . . . . . . . . . . . . . . . . . . 1 . . . Launcher 2 | . . . . . . . . . . . . . . . . . . . . 2 . . . . . . . . Special Weapon . | . . . . . . . . . . . . . . . . . . . . . . . . . . . . . Impact Weapon 7 | . . . . . . . . . . . . . . . . . . . . 3 . . . 1 . 3 . . Slashing Weapon 3 | . . . . . . . . . . . . . . . . . . . 1 2 . . . . . . . . Piercing Weapon 2 | . . . . . . . . . . . . . . . . . . . . . . . . . . 2 . . Special Melee Weapon 1 | . . . . . . . . . . . . . . . . . . . . . . 1 . . . . . . Unidentified Prototypes 30 | . . 1 . . . . 2 . . 2 . . . . . 1 . 4 . 8 . . 6 1 . 5 . . Corrupted Parts 1 | . . . . . . . . . . . . 1 . . . . . . . . . . . . . . . . System Corruption 2 | . . . . . . . . . . . . 2 . . . . . . . . . . . . . . . . Parts Lost 11 | . . . 2 5 . . . . . . . . . . . . . . 3 . . . . . . . . 1 Power . | . . . . . . . . . . . . . . . . . . . . . . . . . . . . . Propulsion 3 | . . . 1 1 . . . . . . . . . . . . . . 1 . . . . . . . . . Utility 5 | . . . 1 2 . . . . . . . . . . . . . . 1 . . . . . . . . 1 Weapon 3 | . . . . 2 . . . . . . . . . . . . . . 1 . . . . . . . . . Highest Loss Streak 4 | . . . 1 4 . . . . . . . . . . . . . . 1 . . . . . . . . 1 To Critical Strikes . | . . . . . . . . . . . . . . . . . . . . . . . . . . . . . Average Slot Usage (%) 67 | . 99 99 97 79 79 80 75 74 63 55 55 56 56 56 54 62 66 65 63 61 61 60 58 60 65 65 66 68 Engine 4 | . 12 12 8 . . . 7 8 8 6 5 6 6 6 5 5 5 5 5 . . . . . . . . . Reactor 1 | . . . . . . . . . . . . . . . . . . . . 5 5 5 5 5 4 4 4 3 Treads 2 | . . . . . . . . . . 1 . 3 6 6 4 5 5 5 5 3 . . . . . . . . Wheel 7 | . 25 25 29 25 30 30 25 25 22 5 . . . . . . . . . . . . . . . . . . Flight 1 | . . . . . . . . . . 1 5 2 . . . . . . . 1 5 5 5 5 4 4 4 3 Device 14 | . 16 21 19 14 19 20 16 14 8 13 12 12 12 12 12 11 11 6 10 13 10 10 8 9 18 25 25 23 Storage 6 | . 10 12 10 10 10 10 8 8 8 6 5 6 6 6 5 5 5 5 5 5 5 5 5 5 4 4 4 3 Processor 13 | . 7 3 . 1 10 10 8 8 8 14 18 18 18 18 16 16 16 20 16 15 15 15 15 15 13 12 12 11 Hackware 3 | . . . . . . . . . . . . . . . 3 5 5 5 4 6 10 10 10 10 9 8 8 13 Energy Cannon 1 | . . . . . . . . . . . . . . . . 3 5 5 5 6 3 5 5 3 2 2 . . Ballistic Gun 5 | . 23 25 20 8 . . 8 8 8 6 6 6 6 6 5 5 5 2 2 . 1 . . . . . . . Ballistic Cannon 1 | . . . . . . . . . . . . . . . . . . 3 5 4 5 5 5 5 8 4 4 3 Naked Turns . | . . . . . . . . . . . . . . . . . . . . . . . . . . . . . Heaviest Build 132 | 8 19 25 28 29 49 49 69 69 67 70 69 68 68 68 70 71 70 79 71 105 104 95 95 98 108 132 112 113 Greatest Support 193 | 20 20 26 36 32 32 32 32 38 38 114 108 76 67 32 178 79 79 73 138 138 129 129 129 129 129 129 193 193 Greatest Overweight (x) 4 | . . . . 1 1 1 2 2 4 2 1 1 2 2 2 . . 1 1 . . . . . . 1 . . Average Overweight (x) . | . . . . . . 1 1 1 2 . . . . 2 . . . . . . . . . . . . . . Largest Inventory Capacity 25 | 5 25 10 10 10 20 20 20 20 20 20 20 20 20 20 20 20 20 20 20 20 20 20 20 20 20 20 20 20 Average Capacity 18 | 5 9 10 10 10 12 20 20 20 20 20 19 20 20 20 20 20 20 20 20 20 20 20 20 20 20 20 20 20 Most Carried 20 | 5 10 10 10 10 19 19 20 20 20 20 20 20 20 20 20 20 20 20 18 20 20 20 20 20 20 20 20 20 Average Carried 17 | 1 9 9 9 9 10 19 19 20 18 19 11 17 19 19 19 20 19 19 16 19 19 19 19 19 19 19 19 18 Final Capacity 20 | 5 10 10 10 10 20 20 20 20 20 20 20 20 20 20 20 20 20 20 20 20 20 20 20 20 20 20 20 20 Final Carried 20 | 5 10 10 10 10 19 19 20 20 20 20 5 20 19 20 20 20 20 18 17 19 19 20 20 20 20 20 20 20 Scrap Engine Consumption 230 | . . . . . . . . . 12 36 5 20 7 24 9 1 3 11 4 25 8 1 2 3 2 54 3 . Constructs Created 8 | . . . . . . . . . 1 . 1 . . . . 2 . 1 . 1 1 . . . . 1 . . Constructs Modified 59 | . . . . . . . . . 1 9 1 4 1 . 6 1 1 2 2 5 2 . . 1 . 23 . . Class Distribution -------------------- 38% | Hacker-Skirmisher 19% | Hacker-Construct 15% | Hacker-Scout 12% | Hacker-Mutant 4% | Scavenger-Mutant 3% | Hacker-Ninja Dominant Class ---------------- Hacker-Mutant | -10/Materials Scavenger-Mutant | -10/Mines Hacker-Mutant | -9/Materials Hacker-Mutant | -9/Mines Scavenger-Mutant | -9/Exiles Hacker-Mutant | -8/Mines Hacker-Skirmisher | -8/Materials Hacker-Skirmisher | -8/Storage Commander-Skirmisher | -8/Recycling Hacker-Skirmisher | -6/Factory Hacker-Skirmisher | -6/Waste Hacker-Skirmisher | -6/Factory Hacker-Skirmisher | -6/Extension Hacker-Skirmisher | -6/Cetus Hacker-Skirmisher | -5/Factory Hacker-Construct | -5/Upper Caves Hacker-Construct | -5/Upper Caves Hacker-Construct | -5/Warlord Hacker-Construct | -4/Proximity Caves Hacker-Construct | -4/Factory Hacker-Scout | -4/Upper Caves Hacker-Scout | -4/Upper Caves Hacker-Scout | -4/Zhirov Hacker-Scout | -3/Proximity Caves Hacker-Scout | -3/Research Hacker-Scout | -2/Research Hacker-Ninja | -2/Testing Wizard-Ninja | -1/Access Resources | -11 -10 -10 -9 -9 -9 -8 -8 -8 -8 -6 -6 -6 -6 -6 -5 -5 -5 -5 -4 -4 -4 -4 -4 -3 -3 -2 -2 -1 ----------- Run | Yrd Mat Min Mat Min Exi Min Mat Sto Rec Fac Was Fac Ext Cet Fac Upp Upp War Pro Fac Upp Upp Zhi Pro Res Res Tes Acc Matter Collected 11270 | 297 319 134 618 68 160 . 660 324 166 815 185 928 665 490 1260 358 388 220 472 789 755 103 . 216 232 371 62 215 Remotely . | . . . . . . . . . . . . . . . . . . . . . . . . . . . . . Salvage Created 13983 | 106 481 188 1288 38 . . 656 897 174 725 73 992 500 787 1343 295 722 143 996 1070 671 539 . 96 189 486 84 444 Parts 743 | 12 37 11 91 3 . . 36 48 13 32 4 67 35 33 75 13 41 7 32 58 27 11 . 4 5 14 1 33 Haulers Intercepted 21 | . 2 . 6 . . . 1 2 . 2 . 1 . . . . . . . 3 . . . . 1 2 1 . Recyclers Shooed 2 | . . . . . . . . 1 . . . . . . 1 . . . . . . . . . . . . . Parts Field Recycled 12 | . . . . . . . . . . . . . . . . . . . . 12 . . . . . . . . Retrieved Matter 286 | . . . . . . . . . . . . . . . . . . . . 286 . . . . . . . . Parts Self-Destructed . | . . . . . . . . . . . . . . . . . . . . . . . . . . . . . Prevented . | . . . . . . . . . . . . . . . . . . . . . . . . . . . . . Kills | -11 -10 -10 -9 -9 -9 -8 -8 -8 -8 -6 -6 -6 -6 -6 -5 -5 -5 -5 -4 -4 -4 -4 -4 -3 -3 -2 -2 -1 ------- Run | Yrd Mat Min Mat Min Exi Min Mat Sto Rec Fac Was Fac Ext Cet Fac Upp Upp War Pro Fac Upp Upp Zhi Pro Res Res Tes Acc Combat Hostiles Destroyed 226 | 1 9 5 25 3 . . 9 11 4 8 1 14 10 10 23 5 19 3 20 15 10 8 . 1 2 3 . 7 Guns 148 | 1 9 5 25 3 . . 9 11 4 8 1 14 10 10 23 2 8 . 2 . 3 . . . . . . . Cannons 76 | . . . . . . . . . . . . . . . . 3 11 3 17 15 7 7 . 1 2 3 . 7 Classes Destroyed 22 | 3 4 1 1 . . . 2 . 1 3 1 1 . . . . 1 1 1 . 1 . . 1 . . . . Worker 3 | 1 . . . . . . . . . . . . . . 2 . . . . . . . . . . . . . Builder 9 | . . . . . . . 3 2 . . . 4 . . . . . . . . . . . . . . . . Tunneler 4 | 4 . . . . . . . . . . . . . . . . . . . . . . . . . . . . Hauler 21 | . 2 . 6 . . . 1 2 . 2 . 1 . . . . . . . 3 . . . . 1 2 1 . Recycler 4 | . . 1 . . . . . 2 . . . . . . . . . . . . . . . . . 1 . . Minesweeper 1 | . . . . . . . . . . . . . . . . . . . . . 1 . . . . . . . Mechanic 1 | . 1 . . . . . . . . . . . . . . . . . . . . . . . . . . . Operator 3 | . . . . . . . . . . . . 1 . . 1 . . . . . . . . . . . . 1 Watcher 27 | . 3 . 4 . . . 3 1 . 1 . 3 1 2 4 . . . . 3 . . . . . . . 2 Swarmer 52 | . 3 4 8 3 . . . . . . . 3 5 . 9 . 12 . 1 3 . 1 . . . . . . Saboteur 3 | . . . . . . . . . . . . . . . . . . . 1 . . . . . . . . 2 Grunt 82 | 1 6 1 11 . . . 5 11 . 4 . 7 3 2 3 . 3 . 11 . 5 5 . . . 3 . 1 Brawler 8 | . . . . . . . . . . . 1 . . . 1 . . 1 2 . 2 1 . . . . . . Duelist 7 | . . . . . . . . . . 1 . . . . . . . . 2 1 . 1 . . . . . 2 Protector 3 | . . . . . . . . . 1 . . . . . . . . 1 . . . . . . . . . 1 Sentry 22 | . . . 6 . . . 1 . 2 . . 1 2 . 5 1 1 . 2 . . 1 . . . . . . Hunter 10 | . . . . . . . 3 . 1 . . . . . . . 2 . . . 2 . . . 2 . . . Programmer 25 | . . . . . . . . . . 3 . 3 . . 5 . . . 1 11 . . . 1 . . . 1 Behemoth 1 | . . . . . . . . . . 1 . . . . . . . . . . . . . . . . . . Cetus Guard 8 | . . . . . . . . . . . . . . 8 . . . . . . . . . . . . . . Striker 1 | . . . . . . . . . . . . . . . . . . 1 . . . . . . . . . . Packrat 1 | . . . . . . . . . . . . . . . . . 1 . . . . . . . . . . . Samaritan 1 | . . . . . . . . . . . . . . . . . . . . . . . . 1 . . . . Thug 4 | . . . . . . . . . . . . . . . . 4 . . . . . . . . . . . . Mutant 2 | . . . . . . . . . . . . . . . . . 1 . . . 1 . . . . . . . Best Kill Streak 12 | 5 2 3 7 3 . . 3 10 2 5 1 6 4 5 12 4 7 3 7 3 4 8 . 2 2 3 1 7 Combat Bots Only 9 | 1 2 2 6 3 . . 3 6 2 3 1 5 4 4 9 4 7 3 7 3 4 8 . 1 2 2 . 6 Max Kills in Single Turn 2 | 1 1 1 2 2 . . 2 1 1 1 1 2 1 1 2 2 2 1 1 1 1 2 . 1 1 1 1 1 Gunslinging 1 | . . . 1 1 . . . . . . . . . . . . . . . . . . . . . . . . Exploded . | . . . . . . . . . . . . . . . . . . . . . . . . . . . . . Melee . | . . . . . . . . . . . . . . . . . . . . . . . . . . . . . Uniques/NPCs Destroyed . | . . . . . . . . . . . . . . . . . . . . . . . . . . . . . Combat | -11 -10 -10 -9 -9 -9 -8 -8 -8 -8 -6 -6 -6 -6 -6 -5 -5 -5 -5 -4 -4 -4 -4 -4 -3 -3 -2 -2 -1 -------- Run | Yrd Mat Min Mat Min Exi Min Mat Sto Rec Fac Was Fac Ext Cet Fac Upp Upp War Pro Fac Upp Upp Zhi Pro Res Res Tes Acc Hostile Shots Fired 760 | 2 27 20 104 39 . . 14 9 4 6 3 8 21 3 35 17 61 28 138 29 76 25 . 8 26 2 6 49 Missed 256 | 1 10 8 26 15 . . 9 5 2 1 . 5 4 1 11 6 16 9 39 6 28 11 . 3 15 2 4 19 Damage Taken 6609 | 7 103 63 621 421 . . 44 45 17 73 72 154 132 17 302 129 548 476 1327 331 495 181 . 74 134 78 37 728 Core 645 | . 29 17 97 55 . . 9 13 9 . . . 3 . 16 . 24 29 64 13 41 19 . . . . . 207 Absorbed by Shields 18 | . . . . . . . . . . . . . 2 16 . . . . . . . . . . . . . . Redirected to Shielding 51 | . . . 32 19 . . . . . . . . . . . . . . . . . . . . . . . . Ignored by Resistances 3790 | 4 67 45 396 248 . . 28 26 11 45 41 88 86 20 177 77 332 270 783 193 298 105 . 44 80 44 21 261 Regen/Repaired (Parts) 2622 | . . . 25 . . . . . . 10 . 135 44 . 94 . 466 46 407 426 458 . . 41 . 470 . . Core Remaining (%) 89 | 100 . 81 . . . 62 . . 94 . . . . 99 . . . . 86 . . . . 86 100 . 100 87 Volleys Fired 646 | 11 39 14 73 3 . . 40 21 7 33 2 54 23 32 74 9 30 14 41 34 22 14 . 6 11 9 4 26 Largest 3 | 2 2 2 2 2 . . 1 1 1 1 1 1 1 1 1 3 3 3 3 3 3 2 . 1 3 3 1 1 Hottest 244 | 70 70 43 46 46 . . 60 60 60 60 60 60 60 60 60 163 163 197 197 244 235 153 . 63 210 198 142 142 Shots Fired 1026 | 18 72 28 146 6 . . 40 21 7 33 2 55 23 32 74 27 87 34 102 67 49 28 . 6 20 19 4 26 Gun 683 | 18 72 28 146 6 . . 40 21 7 33 2 55 23 32 74 18 58 10 26 . 12 . . . . 2 . . Cannon 343 | . . . . . . . . . . . . . . . . 9 29 24 76 67 37 28 . 6 20 17 4 26 Launcher . | . . . . . . . . . . . . . . . . . . . . . . . . . . . . . Special . | . . . . . . . . . . . . . . . . . . . . . . . . . . . . . Kinetic 886 | 7 71 28 146 6 . . 40 21 7 33 2 55 23 32 74 18 58 34 102 31 12 14 . 6 19 17 4 26 Thermal 140 | 11 1 . . . . . . . . . . . . . . 9 29 . . 36 37 14 . . 1 2 . . Explosive . | . . . . . . . . . . . . . . . . . . . . . . . . . . . . . Electromagnetic . | . . . . . . . . . . . . . . . . . . . . . . . . . . . . . Robot Hit Streak 60 | 9 15 11 27 27 . . 25 29 18 20 10 37 23 60 21 27 31 9 60 28 35 52 . 10 25 28 16 18 Robot Miss Streak 3 | 1 2 2 1 2 . . 1 2 1 2 . 2 2 2 3 . 2 1 1 1 1 1 . . . 1 . 1 Penetration Max 2 | . . . . . . . . . . . . . . . . . 1 1 2 . . 2 . 1 . . . . Secondary Targets 8 | . . . 7 1 . . . . . . . . . . . . . . . . . . . . . . . . Max Gunslinging Chain 1 | . . . 1 1 . . . . . . . . . . . . . . . . . . . . . . . . Shots Hit Robots 758 | 12 56 21 123 3 . . 22 20 5 30 2 29 17 32 51 22 49 20 82 50 38 21 . 6 15 15 4 13 Core Hits 452 | 7 23 7 45 3 . . 25 29 4 22 2 36 19 42 49 9 25 13 29 17 19 7 . 2 5 6 . 7 Critical Kills 5 | . 1 . 1 . . . . . . . . . . . . . . . . . 1 2 . . . . . . Critical Parts Destroyed 6 | 1 . . . . . . . . . . . . . . . . . . . . . 2 . 2 . . . 1 Critical Strikes 19 | 1 1 . 1 . . . . . . . . . . . . . . 1 6 . 1 4 . 2 . . 1 1 Meltdown 1 | . . . . . . . . . . . . . . . . . . . . . . 1 . . . . . . Destroy 9 | 1 1 . 1 . . . . . . . . . . . . . . . . . 1 3 . 2 . . . . Blast 8 | . . . . . . . . . . . . . . . . . . 1 6 . . . . . . . 1 . Smash 1 | . . . . . . . . . . . . . . . . . . . . . . . . . . . . 1 Melee Attacks 26 | . . . . . . . . . . . . . . . . . . . . 2 . . . 1 . . 1 22 Impact 25 | . . . . . . . . . . . . . . . . . . . . 1 . . . 1 . . 1 22 Slashing 1 | . . . . . . . . . . . . . . . . . . . . 1 . . . . . . . . Piercing . | . . . . . . . . . . . . . . . . . . . . . . . . . . . . . Sneak Attacks 1 | . . . . . . . . . . . . . . . . . . . . 1 . . . . . . . . Combat Hostiles . | . . . . . . . . . . . . . . . . . . . . . . . . . . . . . Follow-up Attacks . | . . . . . . . . . . . . . . . . . . . . . . . . . . . . . Damage Inflicted 39221 | 138 713 207 2000 48 . . 1507 1464 367 2224 144 1960 996 2521 3739 816 2046 1494 4349 3419 2341 1751 . 697 868 1040 553 1819 Guns 19688 | 138 713 207 2000 48 . . 1507 1464 367 2224 144 1884 996 2521 3728 314 603 145 329 . 327 . . . . 29 . . Cannons 19185 | . . . . . . . . . . . . . . . . 502 1443 1349 4020 3343 2014 1751 . 697 868 876 553 1769 Explosions 135 | . . . . . . . . . . . . . . . . . . . . . . . . . . 135 . . Melee 126 | . . . . . . . . . . . . . . . . . . . . 76 . . . . . . . 50 Ramming 87 | . . . . . . . . . . . . 76 . . 11 . . . . . . . . . . . . . Kinetic 34010 | 20 700 207 2000 48 . . 1507 1464 367 2224 144 1884 996 2521 3728 636 1797 1494 4349 1496 327 1373 . 697 833 876 553 1769 Thermal 4863 | 118 13 . . . . . . . . . . . . . . 180 249 . . 1847 2014 378 . . 35 29 . . Explosive 135 | . . . . . . . . . . . . . . . . . . . . . . . . . . 135 . . Electromagnetic . | . . . . . . . . . . . . . . . . . . . . . . . . . . . . . Impact 50 | . . . . . . . . . . . . . . . . . . . . . . . . . . . . 50 Slashing 76 | . . . . . . . . . . . . . . . . . . . . 76 . . . . . . . . Piercing . | . . . . . . . . . . . . . . . . . . . . . . . . . . . . . Highest Corruption 8 | . . . . . . . . . . . 8 8 . . 1 . . 1 1 5 . . . 1 . . . . Average Corruption 3 | . . . . . . . . . . . 5 4 . . 1 . . 1 1 1 . . . 1 . . . . Corruption Purged 20 | . . . . . . . . . . . . 11 . . 1 . . . 1 7 . . . . . . . . Corruption Blocked 11 | . . . . . . . . . . . . . . . . . . . . . . . . . . 11 . . Effects 31 | . . . . . . . . . . . 5 20 . . 1 . . . 4 1 . . . . . . . . Message Errors 6 | . . . . . . . . . . . . 5 . . . . . . 1 . . . . . . . . . Matter Fused 11 | . . . . . . . . . . . 2 7 . . 1 . . . 1 . . . . . . . . . Heat Flow Errors 4 | . . . . . . . . . . . 1 2 . . . . . . . 1 . . . . . . . . Energy Discharges 2 | . . . . . . . . . . . 1 1 . . . . . . . . . . . . . . . . Parts Rejected 1 | . . . . . . . . . . . 1 . . . . . . . . . . . . . . . . . Data Loss (minor) 4 | . . . . . . . . . . . . 2 . . . . . . 2 . . . . . . . . . Data Loss (major) 1 | . . . . . . . . . . . . 1 . . . . . . . . . . . . . . . . Misfires 1 | . . . . . . . . . . . . 1 . . . . . . . . . . . . . . . . Alerts 1 | . . . . . . . . . . . . 1 . . . . . . . . . . . . . . . . Overload Shots . | . . . . . . . . . . . . . . . . . . . . . . . . . . . . . Overflow Damage 2542 | . . . . . . . . . . . . . . . . 25 54 24 443 730 141 229 . 158 57 150 207 324 Projectiles 2486 | . . . . . . . . . . . . . . . . 25 54 24 443 724 141 229 . 158 57 150 207 274 Explosions . | . . . . . . . . . . . . . . . . . . . . . . . . . . . . . Melee 56 | . . . . . . . . . . . . . . . . . . . . 6 . . . . . . . 50 Knockbacks 61 | . . . . . . . . . . . . 1 . . . 4 7 6 22 7 . 7 . 3 3 . . 1 Impact 1 | . . . . . . . . . . . . 1 . . . . . . . . . . . . . . . . Kinetic 58 | . . . . . . . . . . . . . . . . 3 7 6 22 7 . 6 . 3 3 . . 1 Secondary 2 | . . . . . . . . . . . . . . . . 1 . . . . . 1 . . . . . . Self-Inflicted Damage 143 | . . . . . . . . . . . . . . . . . 65 . . . . . . . . 78 . . Shots 2 | . . . . . . . . . . . . . . . . . 1 . . . . . . . . 1 . . Rammed 7 | . . . . . . . . . . . . 5 . . 2 . . . . . . . . . . . . . Targets Rammed 7 | . . . . . . . . . . . . 5 . . 2 . . . . . . . . . . . . . Kicked . | . . . . . . . . . . . . . . . . . . . . . . . . . . . . . Crushed . | . . . . . . . . . . . . . . . . . . . . . . . . . . . . . Highest Temperature 498 | 116 30 12 30 . . . 322 66 64 226 95 214 159 265 223 259 468 267 498 264 328 57 . 1 170 226 288 248 Average Temperature 92 | 66 9 7 10 . . . 33 15 32 78 44 63 49 113 72 99 173 105 169 90 81 14 . 1 78 74 149 105 Received Heat Transfer 1803 | 6 57 24 435 92 . . 45 36 . . . 18 27 . 45 45 198 57 508 . 66 45 . . . . 9 90 Effects 15 | . . . . . . . . . . . . . . . . . 2 . 7 . 3 . . . . 3 . . Shutdowns 1 | . . . . . . . . . . . . . . . . . . . 1 . . . . . . . . . Energy Bleed 3 | . . . . . . . . . . . . . . . . . 1 . 2 . . . . . . . . . Interference 7 | . . . . . . . . . . . . . . . . . 1 . . . 3 . . . . 3 . . Damage (major) 4 | . . . . . . . . . . . . . . . . . . . 4 . . . . . . . . . Siege Activations 1 | . . . . . . . . . . . . 1 . . . . . . . . . . . . . . . . Total Turns 11 | . . . . . . . . . . . . 11 . . . . . . . . . . . . . . . . Longest Duration 11 | . . . . . . . . . . . . 11 . . . . . . . . . . . . . . . . Robots Corrupted . | . . . . . . . . . . . . . . . . . . . . . . . . . . . . . Combat Hostiles . | . . . . . . . . . . . . . . . . . . . . . . . . . . . . . Parts Fried 5 | . . . . . . . . . . . . . . 1 . . . . . 1 . 1 . 1 . . . 1 Impact Corruptions 3 | . . . . . . . . . . . . . . . . . . . . . . 1 . . . . . 2 Robots Melted 1 | . . . . . . . . . . . . . . . . . . . . . . 1 . . . . . . Combat Hostiles . | . . . . . . . . . . . . . . . . . . . . . . . . . . . . . Parts Melted 3 | . . . . . . . . . . . . . . . . . 1 . 1 . . 1 . . . . . . Heat Transferred 2501 | 322 37 . . . . . . . . . . . . . . 222 333 . . 450 500 550 . . 50 37 . . Parts Sabotaged . | . . . . . . . . . . . . . . . . . . . . . . . . . . . . . Parts Stolen . | . . . . . . . . . . . . . . . . . . . . . . . . . . . . . Parts Stripped . | . . . . . . . . . . . . . . . . . . . . . . . . . . . . . Power Chain Reactions . | . . . . . . . . . . . . . . . . . . . . . . . . . . . . . Alert | -11 -10 -10 -9 -9 -9 -8 -8 -8 -8 -6 -6 -6 -6 -6 -5 -5 -5 -5 -4 -4 -4 -4 -4 -3 -3 -2 -2 -1 ------- Run | Yrd Mat Min Mat Min Exi Min Mat Sto Rec Fac Was Fac Ext Cet Fac Upp Upp War Pro Fac Upp Upp Zhi Pro Res Res Tes Acc Peak Influence 1610 | 45 204 147 340 242 . . 172 260 177 117 86 187 216 240 408 . . . . 376 . . . . 117 155 1610 1169 Initial 1100 | . 22 12 . 7 . . . 16 40 8 6 46 27 14 40 . . . . 25 . . . . 18 3 12 1100 Average 115 | 17 70 74 129 143 . . 67 107 70 27 51 65 74 127 102 . . . . 115 . . . . 47 19 1593 1089 Maximum Alert Level 5 | . 1 . 1 1 . . . 1 . . . . 1 1 2 . . . . 1 . . . . . . 5 4 Low Security (%) 86 | 100 96 100 68 61 . 100 100 98 100 100 100 100 94 77 75 . . . . 75 . . . . 100 100 . . Level 1 9 | . 3 . 31 38 . . . 1 . . . . 5 22 24 . . . . 24 . . . . . . . . Level 2 . | . . . . . . . . . . . . . . . . . . . . . . . . . . . . . Level 3 . | . . . . . . . . . . . . . . . . . . . . . . . . . . . . 30 Level 4 2 | . . . . . . . . . . . . . . . . . . . . . . . . . . . . 69 Level 5 . | . . . . . . . . . . . . . . . . . . . . . . . . . . . . . High Security . | . . . . . . . . . . . . . . . . . . . . . . . . . . . . . Max Security . | . . . . . . . . . . . . . . . . . . . . . . . . . . . 99 . Squads Dispatched 64 | . 4 2 3 . . . 1 1 . 5 . 9 . . 11 . . . 1 11 . 1 . . . 2 8 5 Investigation 18 | . 4 2 3 . . . 1 . . . . 2 . . 3 . . . . 2 . . . . . . . 1 Extermination 17 | . . . . . . . . . . 3 . 3 . . 5 . . . . 5 . . . . . . . 1 Reinforcement 7 | . . . . . . . . 1 . 2 . 1 . . . . . . . 1 . . . . . 2 . . Assault 11 | . . . . . . . . . . . . . . . . . . . 1 . . 1 . . . . 6 3 Garrison 11 | . . . . . . . . . . . . 3 . . 3 . . . . 3 . . . . . . 2 . Intercept . | . . . . . . . . . . . . . . . . . . . . . . . . . . . . . Searches Triggered . | . . . . . . . . . . . . . . . . . . . . . . . . . . . . . Construction Impeded 1 | . . . . . . . . . . . . . . . . . . . . 1 . . . . . . . . Haulers Reinforced 4 | . . . . . . . . . . 2 . 1 . . . . . . . . . . . . . 1 . . Active Scanning Responses . | . . . . . . . . . . . . . . . . . . . . . . . . . . . . . Cargo Convoy Interrupts . | . . . . . . . . . . . . . . . . . . . . . . . . . . . . . Stealth | -11 -10 -10 -9 -9 -9 -8 -8 -8 -8 -6 -6 -6 -6 -6 -5 -5 -5 -5 -4 -4 -4 -4 -4 -3 -3 -2 -2 -1 --------- Run | Yrd Mat Min Mat Min Exi Min Mat Sto Rec Fac Was Fac Ext Cet Fac Upp Upp War Pro Fac Upp Upp Zhi Pro Res Res Tes Acc Distress Signals 30 | . 2 . 1 . . . 2 . . 1 . 2 1 2 3 . . . . 1 . . . . . 14 . 1 Communications Jammed 12 | . . . . . . . . . . . . . . . . . . . . . . . . . . . . 12 Distress Signals 12 | . . . . . . . . . . . . . . . . . . . . . . . . . . . . 12 Times Spotted 395 | 1 20 5 31 31 . . 13 11 5 9 7 22 14 11 33 6 18 36 23 19 23 9 . 5 2 8 5 28 Peak Tracking Total 14 | 1 4 1 5 13 . . 3 4 2 2 6 5 3 5 6 4 4 13 8 3 10 14 . 5 2 4 11 12 Tactical Retreats 32 | . 1 . 2 4 . . 3 . . 1 . 2 . . 2 1 1 2 1 . 4 2 . . . 3 . 3 Traps | -11 -10 -10 -9 -9 -9 -8 -8 -8 -8 -6 -6 -6 -6 -6 -5 -5 -5 -5 -4 -4 -4 -4 -4 -3 -3 -2 -2 -1 ------- Run | Yrd Mat Min Mat Min Exi Min Mat Sto Rec Fac Was Fac Ext Cet Fac Upp Upp War Pro Fac Upp Upp Zhi Pro Res Res Tes Acc Traps Triggered 12 | . . . . . . . 1 . . 4 . 2 . . . . . . . 2 . . . . 3 . . . Indirectly . | . . . . . . . . . . . . . . . . . . . . . . . . . . . . . Trap Hack Attempts . | . . . . . . . . . . . . . . . . . . . . . . . . . . . . . Triggered . | . . . . . . . . . . . . . . . . . . . . . . . . . . . . . Disarmed . | . . . . . . . . . . . . . . . . . . . . . . . . . . . . . Reprogrammed 6 | . . . . . . . . 6 . . . . . . . . . . . . . . . . . . . . Reused 6 | . . . . . . . . 4 . . . . . . . . . . 2 . . . . . . . . . Traps Extracted . | . . . . . . . . . . . . . . . . . . . . . . . . . . . . . Installed 9 | . . . . . . . . . . . . . . . . . . . 9 . . . . . . . . . Triggered 24 | . . . . . . . . 4 . . . . . . . . . 17 3 . . . . . . . . . Time Bombs Activated 1 | . . . . . . . . . . . . . . . . . . 1 . . . . . . . . . . Exploded 1 | . . . . . . . . . . . . . . . . . . 1 . . . . . . . . . . Machines | -11 -10 -10 -9 -9 -9 -8 -8 -8 -8 -6 -6 -6 -6 -6 -5 -5 -5 -5 -4 -4 -4 -4 -4 -3 -3 -2 -2 -1 ---------- Run | Yrd Mat Min Mat Min Exi Min Mat Sto Rec Fac Was Fac Ext Cet Fac Upp Upp War Pro Fac Upp Upp Zhi Pro Res Res Tes Acc Machines Disabled 58 | . . . 1 . . . 2 5 . 3 . 1 2 3 9 . 5 . . 21 1 . . 1 2 1 . 1 Max in Single Turn 4 | . . . 1 . . . 1 1 . 2 . 1 1 . 1 . 4 . . . 1 . . 1 1 1 . 1 Machines Repaired . | . . . . . . . . . . . . . . . . . . . . . . . . . . . . . Machines Dismantled . | . . . . . . . . . . . . . . . . . . . . . . . . . . . . . Machines Sabotaged . | . . . . . . . . . . . . . . . . . . . . . . . . . . . . . Overloaded Fab Kills . | . . . . . . . . . . . . . . . . . . . . . . . . . . . . . Hacking | -11 -10 -10 -9 -9 -9 -8 -8 -8 -8 -6 -6 -6 -6 -6 -5 -5 -5 -5 -4 -4 -4 -4 -4 -3 -3 -2 -2 -1 --------- Run | Yrd Mat Min Mat Min Exi Min Mat Sto Rec Fac Was Fac Ext Cet Fac Upp Upp War Pro Fac Upp Upp Zhi Pro Res Res Tes Acc Machines Accessed 157 | . 11 2 15 . 5 . 8 6 10 9 . 12 11 3 17 1 . 4 . 24 . . 9 1 3 1 . 5 Terminals 100 | . 8 1 11 . . . 8 4 6 4 . 9 11 3 10 1 . . . 15 . . . . 3 1 . 5 Fabricators 8 | . . . . . . . . . . 3 . 1 . . 2 . . . . 2 . . . . . . . . Repair Stations 7 | . 1 . 2 . . . . 1 . . . 1 . . . . . . . 2 . . . . . . . . Recycling Units 13 | . 2 . . . . . . 1 4 1 . . . . 4 . . . . 1 . . . . . . . . Scanalyzers 7 | . . . 2 . . . . . . 1 . 1 . . . . . . . 3 . . . . . . . . Garrison Access 2 | . . . . . . . . . . . . . . . 1 . . . . 1 . . . . . . . . Total Hacks 608 | . 48 6 71 . 50 . 35 20 32 27 . 35 24 7 51 1 . 8 . 114 . . 47 1 11 1 . 19 Successful 450 | . 34 3 51 . 50 . 26 16 26 19 . 24 17 7 41 1 . 8 . 68 . . 47 1 3 . . 8 Failed 158 | . 14 3 20 . . . 9 4 6 8 . 11 7 . 10 . . . . 46 . . . . 8 1 . 11 Catastrophic 18 | . . . 2 . . . 1 . . . . 1 . . . . . . . 9 . . . . 1 1 . 3 Database Lockouts . | . . . . . . . . . . . . . . . . . . . . . . . . . . . . . Manual 346 | . 46 5 55 . 2 . 27 14 21 13 . 21 10 2 22 . . . . 86 . . . . 7 1 . 14 Terminals 402 | . 39 5 56 . . . 35 15 27 15 . 28 24 7 30 1 . . . 89 . . . . 11 1 . 19 Fabricators 26 | . . . . . . . . . . 7 . 4 . . 10 . . . . 5 . . . . . . . . Repair Stations 21 | . 2 . 9 . . . . 2 . . . 2 . . . . . . . 6 . . . . . . . . Recycling Units 30 | . 7 . . . . . . 3 5 3 . . . . 9 . . . . 3 . . . . . . . . Scanalyzers 17 | . . . 6 . . . . . . 2 . 1 . . . . . . . 8 . . . . . . . . Garrison Access 5 | . . . . . . . . . . . . . . . 2 . . . . 3 . . . . . . . . Terminal Hacks 282 | . 22 2 25 . 50 . 13 6 17 4 . 11 13 7 12 1 . 8 . 39 . . 47 1 . . . 4 Record 97 | . . . . . 49 . . . . . . . . 6 . 1 . 2 . 1 . . 36 1 . . . 1 Part Schematic 22 | . 1 . 2 . . . 1 . 7 . . 2 . . 2 . . . . 4 . . 3 . . . . . Robot Analysis 68 | . 15 . 5 . . . 5 . 3 . . 5 3 . 1 . . . . 27 . . 4 . . . . . Prototype ID Bank 37 | . 6 1 12 . . . 2 1 6 . . . . . . . . 4 . 1 . . 4 . . . . . Open Door 13 | . . 1 . . . . . . . . . 1 7 1 . . . 2 . . . . . . . . . 1 Open DSF 2 | . . . . . . . . . . . . . . . 1 . . . . 1 . . . . . . . . Level Access Points 2 | . . . . . . . . . . . . . . . 1 . . . . . . . . . . . . 1 Branch Access Points 5 | . . . . . . . . 1 . 1 . 1 . . 1 . . . . 1 . . . . . . . . Machine Index 2 | . . . . . . . 1 . . . . . . . 1 . . . . . . . . . . . . . Terminal Index 6 | . . . 1 . . . 1 1 . 1 . 1 . . . . . . . . . . . . . . . 1 Repair Station Index 1 | . . . . . . . . . . 1 . . . . . . . . . . . . . . . . . . Alert Level 2 | . . . . . . . . . 1 . . . . . 1 . . . . . . . . . . . . . Unreport Threat 11 | . . . 2 . . . . . . . . . 3 . 3 . . . . 3 . . . . . . . . Locate Traps 3 | . . . 1 . . . 1 1 . . . . . . . . . . . . . . . . . . . . Reprogram Traps 1 | . . . . . . . . 1 . . . . . . . . . . . . . . . . . . . . Transport Status 1 | . . . 1 . . . . . . . . . . . . . . . . . . . . . . . . . Hauler Manifests 7 | . . . 1 . . . 1 1 . 1 . 1 . . 1 . . . . 1 . . . . . . . . Registered Prototypes 1 | . . . . . . . 1 . . . . . . . . . . . . . . . . . . . . . Derelict Proto ID Bank 1 | . . . . . 1 . . . . . . . . . . . . . . . . . . . . . . . Fabricator Hacks 23 | . . . . . . . . . . 6 . 4 . . 9 . . . . 4 . . . . . . . . Load Schematic 11 | . . . . . . . . . . 3 . 2 . . 4 . . . . 2 . . . . . . . . Build 12 | . . . . . . . . . . 3 . 2 . . 5 . . . . 2 . . . . . . . . Repair Station Hacks 14 | . 1 . 6 . . . . 2 . . . 2 . . . . . . . 3 . . . . . . . . Scan Component 9 | . 1 . 4 . . . . 1 . . . 1 . . . . . . . 2 . . . . . . . . Repair 5 | . . . 2 . . . . 1 . . . 1 . . . . . . . 1 . . . . . . . . Recycling Unit Hacks 13 | . 1 . . . . . . 1 3 1 . . . . 6 . . . . 1 . . . . . . . . Report Inventory 11 | . 1 . . . . . . 1 3 1 . . . . 4 . . . . 1 . . . . . . . . Retrieve Components 2 | . . . . . . . . . . . . . . . 2 . . . . . . . . . . . . . Scanalyzer 16 | . . . 6 . . . . . . 2 . 1 . . . . . . . 7 . . . . . . . . Insert Component 8 | . . . 2 . . . . . . 1 . 1 . . . . . . . 4 . . . . . . . . Analyze 8 | . . . 4 . . . . . . 1 . . . . . . . . . 3 . . . . . . . . Garrison Access Hacks . | . . . . . . . . . . . . . . . . . . . . . . . . . . . . . Unauthorized Hacks 102 | . 10 1 14 . . . 13 7 6 6 . 6 4 . 14 . . . . 14 . . . . 3 . . 4 Terminals 86 | . 6 1 14 . . . 13 6 6 4 . 6 4 . 8 . . . . 11 . . . . 3 . . 4 Track 2 | . . . 1 . . . . . 1 . . . . . . . . . . . . . . . . . . . Assimilate 17 | . . . 2 . . . 3 2 . . . 3 1 . 2 . . . . 2 . . . . . . . 2 Botnet 56 | . 6 1 9 . . . 8 3 5 3 . 3 3 . 4 . . . . 7 . . . . 2 . . 2 Disrupt 4 | . . . 1 . . . 1 1 . . . . . . 1 . . . . . . . . . . . . . Operators 7 | . . . 1 . . . 1 . . 1 . . . . 1 . . . . 2 . . . . 1 . . . Fabricators 2 | . . . . . . . . . . 1 . . . . 1 . . . . . . . . . . . . . Report 1 | . . . . . . . . . . . . . . . 1 . . . . . . . . . . . . . Haulers 1 | . . . . . . . . . . 1 . . . . . . . . . . . . . . . . . . Repair Stations . | . . . . . . . . . . . . . . . . . . . . . . . . . . . . . Recycling Units 9 | . 4 . . . . . . 1 . 1 . . . . 3 . . . . . . . . . . . . . Monitor 1 | . 1 . . . . . . . . . . . . . . . . . . . . . . . . . . . Reject 5 | . 1 . . . . . . 1 . 1 . . . . 2 . . . . . . . . . . . . . Recyclers 1 | . 1 . . . . . . . . . . . . . . . . . . . . . . . . . . . Mask 2 | . 1 . . . . . . . . . . . . . 1 . . . . . . . . . . . . . Scanalyzers . | . . . . . . . . . . . . . . . . . . . . . . . . . . . . . Garrison Access 5 | . . . . . . . . . . . . . . . 2 . . . . 3 . . . . . . . . Reprogram 2 | . . . . . . . . . . . . . . . 1 . . . . 1 . . . . . . . . Intercept 1 | . . . . . . . . . . . . . . . . . . . . 1 . . . . . . . . Watchers 2 | . . . . . . . . . . . . . . . 1 . . . . 1 . . . . . . . . Data Cores Recovered 3 | . . . . . . . . . . . . . . . 2 . . . . . . . . . . . . 1 Used 1 | . . . . . . . . . . . . . . . 1 . . . . . . . . . . . . . Hacking Detections 118 | . 11 1 14 . . . 8 5 8 7 . 12 5 2 17 1 . . . 20 . . . . 3 1 . 3 Full Trace Events 23 | . 8 1 8 . . . 1 . . . . 1 . . 2 . . . . 1 . . . . . . . 1 Feedback Events . | . . . . . . . . . . . . . . . . . . . . . . . . . . . . . Feedback Blocked 1 | . . . . . . . . . . . . . . . . . . . . . . . . . . . . 1 Robot Schematics Acquired . | . . . . . . . . . . . . . . . . . . . . . . . . . . . . . Robots Built . | . . . . . . . . . . . . . . . . . . . . . . . . . . . . . Authchips . | . . . . . . . . . . . . . . . . . . . . . . . . . . . . . Time . | . . . . . . . . . . . . . . . . . . . . . . . . . . . . . Total Robot Build Rating . | . . . . . . . . . . . . . . . . . . . . . . . . . . . . . Part Schematics Acquired 28 | . 1 . 4 . . . 1 . 7 1 . 2 . . 2 . . . . 7 . . 3 . . . . . Parts Built 16 | . . . . . . . . . . 5 . 2 . . 7 . . . . 2 . . . . . . . . Authchips 3 | . . . . . . . . . . 2 . 1 . . . . . . . . . . . . . . . . Time 1051 | . . . . . . . . . . 206 . 234 . . 469 . . . . 142 . . . . . . . . Total Part Build Rating 89 | . . . . . . . . . . 16 . 14 . . 45 . . . . 14 . . . . . . . . Parts Repaired 4 | . . . 2 . . . . . . . . 1 . . . . . . . 1 . . . . . . . . Time 342 | . . . 216 . . . . 38 . . . 70 . . . . . . . 18 . . . . . . . . Parts Recycled . | . . . . . . . . . . . . . . . . . . . . . . . . . . . . . Recycled Matter . | . . . . . . . . . . . . . . . . . . . . . . . . . . . . . Retrieved Matter . | . . . . . . . . . . . . . . . . . . . . . . . . . . . . . Retrieved Components 5 | . . . . . . . . . . . . . . . 5 . . . . . . . . . . . . . Parts Scanalyzed 6 | . . . 2 . . . . . . 1 . . . . . . . . . 3 . . . . . . . . Part Schematics Acquired 6 | . . . 2 . . . . . . 1 . . . . . . . . . 3 . . . . . . . . Parts Damaged 2 | . . . 2 . . . . . . . . . . . . . . . . . . . . . . . . . Bothacking | -11 -10 -10 -9 -9 -9 -8 -8 -8 -8 -6 -6 -6 -6 -6 -5 -5 -5 -5 -4 -4 -4 -4 -4 -3 -3 -2 -2 -1 ------------ Run | Yrd Mat Min Mat Min Exi Min Mat Sto Rec Fac Was Fac Ext Cet Fac Upp Upp War Pro Fac Upp Upp Zhi Pro Res Res Tes Acc Used RIF Installer . | . . . . . . . . . . . . . . . . . . . . . . . . . . . . . Robots Hacked . | . . . . . . . . . . . . . . . . . . . . . . . . . . . . . Non-combat . | . . . . . . . . . . . . . . . . . . . . . . . . . . . . . Combat . | . . . . . . . . . . . . . . . . . . . . . . . . . . . . . Robot Hacks Applied . | . . . . . . . . . . . . . . . . . . . . . . . . . . . . . Relay Couplers Released . | . . . . . . . . . . . . . . . . . . . . . . . . . . . . . Fabnet Peak Effective % . | . . . . . . . . . . . . . . . . . . . . . . . . . . . . . Robots Rewired 15 | . . . . . . . . . 6 . . . . . . . . . 2 . 5 2 . . . . . . Allies Hacked 3 | . . . . . . . . . . 1 . . . . 2 . . . . . . . . . . . . . Hacks Repelled 1 | . . . . . . . . . . . . . . . . . . . . 1 . . . . . . . . Allies | -11 -10 -10 -9 -9 -9 -8 -8 -8 -8 -6 -6 -6 -6 -6 -5 -5 -5 -5 -4 -4 -4 -4 -4 -3 -3 -2 -2 -1 -------- Run | Yrd Mat Min Mat Min Exi Min Mat Sto Rec Fac Was Fac Ext Cet Fac Upp Upp War Pro Fac Upp Upp Zhi Pro Res Res Tes Acc Total Allies 43 | . . . 1 2 . . 2 1 6 . . 2 11 1 4 . . . 2 2 5 2 . . . . . 2 Largest Group 8 | . . . 1 2 . . 2 2 8 8 . 1 7 5 5 . . . 2 4 3 2 . . . . . 1 Highest-Rated Group 308 | . . . 10 48 . . 20 20 128 125 . 26 217 308 308 . . . 95 166 87 78 . . . . . 45 Highest-Rated Ally 159 | . . . 10 31 . . 10 10 34 34 . 26 159 159 159 . . . 48 49 48 48 . . . . . 45 Total Orders 71 | . . . 1 . . . 2 8 . 5 . 2 8 11 19 . . . . 13 . . . . . . . 2 STAY 36 | . . . . . . . 1 4 . 3 . 1 4 4 11 . . . . 7 . . . . . . . 1 FOLLOW 34 | . . . 1 . . . 1 4 . 2 . 1 4 6 8 . . . . 6 . . . . . . . 1 AID 1 | . . . . . . . . . . . . . . 1 . . . . . . . . . . . . . . Ally Attacks 185 | . . . . 12 . . . . 12 15 . . 36 30 40 . . . 2 13 21 4 . . . . . . Total Damage 7190 | . . . . 191 . . . . 284 426 . . 688 1119 2228 . . . 49 1478 599 128 . . . . . . Kills 52 | . . . . 4 . . . . 3 . . . 7 2 18 . . . 1 10 6 1 . . . . . . Allies Corrupted 3 | . . . . . . . . . . . . . . . 1 . . . . 1 1 . . . . . . . Allies Melted 3 | . . . . . . . . . . 1 . . . . . . . 1 . . . 1 . . . . . . Intel | -11 -10 -10 -9 -9 -9 -8 -8 -8 -8 -6 -6 -6 -6 -6 -5 -5 -5 -5 -4 -4 -4 -4 -4 -3 -3 -2 -2 -1 ------- Run | Yrd Mat Min Mat Min Exi Min Mat Sto Rec Fac Was Fac Ext Cet Fac Upp Upp War Pro Fac Upp Upp Zhi Pro Res Res Tes Acc Robot Analysis Total 68 | . 15 . 5 . . . 5 . 3 . . 5 3 . 1 . . . . 27 . . 4 . . . . . Derelict Logs Recovered 5 | . . . . . . . . . . . . . . . . 2 2 . . . 1 . . . . . . . Drone Launches 2 | . . . . . . . . . . . . . . . 2 . . . . . . . . . . . . . Drone Recoveries . | . . . . . . . . . . . . . . . . . . . . . . . . . . . . . Exploration | -11 -10 -10 -9 -9 -9 -8 -8 -8 -8 -6 -6 -6 -6 -6 -5 -5 -5 -5 -4 -4 -4 -4 -4 -3 -3 -2 -2 -1 ------------- Run | Yrd Mat Min Mat Min Exi Min Mat Sto Rec Fac Was Fac Ext Cet Fac Upp Upp War Pro Fac Upp Upp Zhi Pro Res Res Tes Acc Turns Passed 25811 | 110 1035 573 1315 323 702 281 1422 499 678 1931 205 2119 574 516 2354 687 1030 981 1025 2443 753 248 123 283 483 2380 142 596 Spaces Moved 24325 | 77 941 582 1104 344 787 287 860 317 516 1583 175 1864 429 277 1406 608 913 797 809 2350 954 532 293 719 721 2992 238 850 Core 15 | 15 . . . . . . . . . . . . . . . . . . . . . . . . . . . . Treads 8137 | . . . . . . . . . . 285 . 1172 429 277 1293 608 913 797 809 1554 . . . . . . . . Legs . | . . . . . . . . . . . . . . . . . . . . . . . . . . . . . Wheels 6766 | 62 941 582 1104 344 787 287 860 317 516 950 16 . . . . . . . . . . . . . . . . . Hover . | . . . . . . . . . . . . . . . . . . . . . . . . . . . . . Flight 9407 | . . . . . . . . . . 348 159 692 . . 113 . . . . 796 954 532 293 719 721 2992 238 850 Fastest Speed 32 | 50 80 80 80 83 83 98 98 105 98 70 83 56 91 163 61 102 102 102 97 58 35 35 35 35 35 35 32 32 Average Speed 79 | 74 80 80 80 84 86 98 112 111 116 107 115 92 116 163 108 102 102 112 105 83 40 35 35 35 35 35 34 34 Slowest Speed 163 | 80 80 80 83 100 98 98 113 113 145 128 119 122 163 163 163 102 102 138 138 97 58 35 35 35 35 71 35 35 Overloaded Moves 13 | . . . . . . . . . . . . . . . . . . . . . . . . . . . 4 9 Propulsion Burnouts . | . . . . . . . . . . . . . . . . . . . . . . . . . . . . . Robots Hopped 15 | . . . . . . . . . . . . . . . . . . . . . . . . . 5 . 4 6 Cave-ins Triggered 1 | . . . . . . . . . . . . . . . . . . . . . . . . . . . . 1 Teleports 1 | . . . . . . . . . . . . . . . . . . . . . . . 1 . . . . . Exploration Rate (%) 66 | 6 95 82 97 64 93 62 56 49 96 37 97 37 68 90 32 89 90 84 90 47 97 74 63 91 16 71 38 26 Regions Visited 28 Branch Regions 17 Pre-discovered Areas 8 | . . 1 . . 1 . . . . . . . . . . 2 . . . . 1 . 3 . . . . . Known Exits Taken 26 | 1 1 1 1 1 1 1 1 1 1 . . 1 1 1 1 1 1 1 1 1 1 1 1 1 1 1 1 . Unknown Exits Taken . | . . . . . . . . . . . . . . . . . . . . . . . . . . . . . Scrap Searched 19 | . . . . . . . . . . . . . . . . 2 5 . 1 . 4 2 . 5 . . . . Spaces Dug 109 | . . . . . . . 36 . 3 2 . 9 11 . 3 . . 9 . 2 . . . . 5 . 1 28 Terrain Destroyed 398 | . . . . . . . 51 7 11 8 . 29 19 1 9 5 44 18 48 27 14 7 . 2 8 55 1 34 Melee 23 | . . . . . . . . . . . . . . . . . . . . 1 . . . . . . 1 21 Projectile 311 | . . . . . . . 51 7 11 8 . 29 19 1 9 5 31 18 48 26 14 7 . 2 8 4 . 13 AOE 64 | . . . . . . . . . . . . . . . . . 13 . . . . . . . . 51 . . Terrain Rammed . | . . . . . . . . . . . . . . . . . . . . . . . . . . . . . Walls Destroyed . | . . . . . . . . . . . . . . . . . . . . . . . . . . . . . Machines Disabled . | . . . . . . . . . . . . . . . . . . . . . . . . . . . . . Actions | -11 -10 -10 -9 -9 -9 -8 -8 -8 -8 -6 -6 -6 -6 -6 -5 -5 -5 -5 -4 -4 -4 -4 -4 -3 -3 -2 -2 -1 --------- Run | Yrd Mat Min Mat Min Exi Min Mat Sto Rec Fac Was Fac Ext Cet Fac Upp Upp War Pro Fac Upp Upp Zhi Pro Res Res Tes Acc Total 30135 | 110 1157 668 1389 372 808 286 1314 464 601 1825 177 2256 504 341 2232 659 958 862 907 2757 1277 564 313 745 922 4312 286 1069 Wait 4299 | 3 137 50 163 18 . . 388 118 16 130 . 284 37 24 714 39 10 23 33 263 244 11 2 2 168 1217 43 162 Move 24270 | 76 940 581 1103 343 786 286 859 316 515 1583 174 1863 428 276 1405 607 912 796 808 2349 953 531 292 718 710 2991 231 838 Hop 12 | . . . . . . . . . . . . . . . . . . . . . . . . . 5 . 2 5 Pick Up 191 | 8 11 8 14 . 10 . 10 2 8 18 . 26 3 3 8 . 1 4 1 17 2 . 1 3 1 27 2 3 Fast Attach 86 | 6 6 1 2 2 . . 3 1 2 9 1 3 . . 2 2 . 4 1 16 2 1 7 2 2 10 . 1 Attach 57 | 1 2 . 5 2 1 . 1 . 2 8 . 2 . . 1 . . 2 1 9 3 . 1 4 4 5 . 3 Detach 78 | . 4 1 1 2 . . 2 . 5 12 . 3 . . . . . 5 . 18 5 1 3 5 3 7 . 1 Swap 163 | 2 5 3 12 1 3 . 2 2 . 10 . 6 8 4 17 1 4 2 4 28 14 2 1 1 11 12 1 7 Drop 205 | 3 13 10 16 1 4 . 9 4 11 21 . 10 5 2 9 1 1 11 . 21 6 . 6 3 1 34 2 1 Fire 646 | 11 39 14 73 3 . . 40 21 7 33 2 54 23 32 74 9 30 14 41 34 22 14 . 6 11 9 4 26 Melee 26 | . . . . . . . . . . . . . . . . . . . . 2 . . . 1 . . 1 22 Ram . | . . . . . . . . . . . . . . . . . . . . . . . . . . . . . Kick . | . . . . . . . . . . . . . . . . . . . . . . . . . . . . . Crush 7 | . . . . . . . . . . . . 5 . . 2 . . . . . . . . . . . . . Escape Stasis 7 | . . . . . . . . . . 1 . . . . . . . . . . . . . . 6 . . . Rewire 78 | . . . . . 4 . . . 35 . . . . . . . . . 9 . 26 4 . . . . . . Trap 10 | . . . . . . . . . . . . . . . . . . 1 9 . . . . . . . . . Miscellaneous . | . . . . . . . . . . . . . . . . . . . . . . . . . . . . . Route ------- -11/Scrapyard -10/Materials (discovered 4 exits: *Mat x3 / *Min) -10/Mines (discovered 2 exits: *Mat x2) -9/Materials (discovered 4 exits: *Mat x3 / *Min) -9/Mines (discovered 3 exits: *Mat / *Exi / [*Zio]) -9/Exiles (discovered 2 exits: *Min x2) -8/Mines -8/Materials (discovered 2 exits: *Fac / *Sto) -8/Storage -8/Recycling -6/Factory (discovered 5 exits: *Fac / Low x2 / Ext x2) -6/Waste -6/Factory (discovered 6 exits: *Fac x2 / *Low x2 / *Ext x2) -6/Extension (discovered 2 exits: *Fac / *Cet) -6/Cetus (discovered 3 exits: *Fac x2 / *Arc) -5/Factory (discovered 6 exits: *Fac x4 / *Upp x2) -5/Upper Caves -5/Upper Caves (discovered 2 exits: *Fac / *War) -5/Warlord -4/Proximity Caves -4/Factory (discovered 4 exits: *Res / *Upp x2 / Arm) -4/Upper Caves -4/Upper Caves -4/Zhirov -3/Proximity Caves -3/Research -2/Research (discovered 3 exits: *Acc x2 / *Tes) -2/Testing -1/Access (discovered 2 exits: *Sur / Com) To Epsilon Eridani History --------- Turn | Location | Event 2 | -11/Scrapyard | Met Revision 17 57 | -11/Scrapyard | Identified exit to Materials 57 | -11/Scrapyard | Discovered exit to Materials (range 8) 111 | -11/Scrapyard | Entered Materials 111 | -10/Materials | Evolved 1 slot: Utility x1 181 | -10/Materials | Identified exit to Mines 181 | -10/Materials | Discovered exit to Mines (range 13) 270 | -10/Materials | Identified exit to Materials 270 | -10/Materials | Discovered exit to Materials (range 11) 305 | -10/Materials | Build established: Hacker-Mutant 593 | -10/Materials | Discovered exit to Materials (range 12) 718 | -10/Materials | Discovered exit to Materials (range 16) 1146 | -10/Materials | Entered Mines 1182 | -10/Mines | Discovered exit to Materials (range 9) 1189 | -10/Mines | Met a Derelict bent on vengeance 1235 | -10/Mines | Discovered exit to Materials (range 12) 1281 | -10/Mines | Joined a pair of Derelicts in attacking an 0b10 outpost 1398 | -10/Mines | Learned location of Storage (-8) 1528 | -10/Mines | Found a damaged Exp. Sensor Array with a note attached 1531 | -10/Mines | Found Prototype Device 1531 | -10/Mines | Identified Exp. Sensor Array 1555 | -10/Mines | Met a Derelict shopkeep closing up shop 1602 | -10/Mines | Build established: Scavenger-Mutant 1719 | -10/Mines | Entered Materials 1719 | -9/Materials | Evolved 2 slots: Propulsion x1, Utility x1 1837 | -9/Materials | Repaired Exp. Sensor Array 1984 | -9/Materials | Identified exit to Materials 1984 | -9/Materials | Discovered exit to Materials (range 6) 2124 | -9/Materials | Identified exit to Mines 2124 | -9/Materials | Discovered exit to Mines (range 15) 2306 | -9/Materials | Build established: Hacker-Mutant 2407 | -9/Materials | Repaired Exp. Sensor Array 2748 | -9/Materials | Discovered exit to Materials (range 8) 2924 | -9/Materials | Discovered exit to Materials (range 16) 3034 | -9/Materials | Entered Mines 3034 | -9/Mines | Discovered exit to Materials (range 10) 3113 | -9/Mines | A Derelict revealed a hidden shortcut to a safe place 3122 | -9/Mines | Deemed a non-threat by the Exiles lab entrance 3122 | -9/Mines | Identified exit to Exiles 3122 | -9/Mines | Discovered exit to Exiles (range 5) 3139 | -9/Mines | Assembled infested the area 3205 | -9/Mines | Lost 4 parts (1n1u2w) 3357 | -9/Mines | Entered Exiles 3379 | -9/Exiles | Met 8R-AWN 3405 | -9/Exiles | Identified exit to Mines 3405 | -9/Exiles | Discovered exit to Mines (range 14) 3434 | -9/Exiles | Met EX-HEX 3494 | -9/Exiles | Met EX-DEC 3539 | -9/Exiles | Visited The Gauntlet 3650 | -9/Exiles | Learned location of Zion (-7) 3674 | -9/Exiles | Build established: Scavenger-Mutant 3697 | -9/Exiles | Met EX-BIN 3712 | -9/Exiles | Aligned with FarCom system 3713 | -9/Exiles | Given EX-Vault access code 3749 | -9/Exiles | Opened EX-Vault 3768 | -9/Exiles | Found XL Autogun Array 3787 | -9/Exiles | Warned to stay clear of 0b10 Research branches 4050 | -9/Exiles | Discovered exit to Mines (range 11) 4058 | -9/Exiles | Build established: Hacker-Mutant 4059 | -9/Exiles | Left Exiles lab with XL Autogun Array 4059 | -9/Exiles | Entered Mines 4329 | -8/Mines | Discovered exit to Materials (range 6) 4340 | -8/Mines | Entered Materials 4340 | -8/Materials | Evolved 2 slots: Weapon x2 4383 | -8/Materials | Identified exit to Storage 4383 | -8/Materials | Discovered exit to Storage (range 5) 4636 | -8/Materials | Build established: Hacker-Skirmisher 5031 | -8/Materials | Identified exit to Factory 5031 | -8/Materials | Discovered exit to Factory (range 16) 5762 | -8/Materials | Entered Storage 5762 | -8/Storage | Accompanied by 1 ally 6080 | -8/Storage | Identified exit to Recycling 6256 | -8/Storage | Used back door to open Recycling access 6261 | -8/Storage | Entered Recycling 6261 | -8/Recycling | Accompanied by 2 allies 6263 | -8/Recycling | Found Scrap Engine 6593 | -8/Recycling | Identified exit to Factory 6593 | -8/Recycling | Discovered exit to Factory (range 8) 6698 | -8/Recycling | Build established: Commander-Skirmisher 6939 | -8/Recycling | Entered Factory 6939 | -6/Factory | Accompanied by 8 allies 6939 | -6/Factory | Evolved 4 slots: Propulsion x1, Utility x3 6940 | -6/Factory | Spotted B-75 Beast 6952 | -6/Factory | Destroyed B-75 Beast 6981 | -6/Factory | Lost 5 allies 7009 | -6/Factory | Fabricated Adv. Treads (x2) 7203 | -6/Factory | Fabricated Adv. Treads? 7225 | -6/Factory | Build established: Hacker-Skirmisher 8204 | -6/Factory | Identified exit to Factory 8204 | -6/Factory | Discovered exit to Factory (range 5) 8645 | -6/Factory | Build established: Hacker-Scout 8652 | -6/Factory | Fabricated Cld. VTOL Module (x1) 8866 | -6/Factory | Identified exit to Lower Caves 8866 | -6/Factory | Identified exit to Extension 8870 | -6/Factory | Sucked down chute 8870 | -6/Factory | Entered Waste 8885 | -6/Waste | EMP discharged 8950 | -6/Waste | Spotted C-40 Crusher 8951 | -6/Waste | Spotted C-40 Crusher 8959 | -6/Waste | Crushed by Compactor (0 parts destroyed, 1 dropped) 8965 | -6/Waste | Spotted C-40 Crusher 8983 | -6/Waste | Spotted C-40 Crusher 8985 | -6/Waste | EMP discharged 8991 | -6/Waste | Identified exit to Factory 8991 | -6/Waste | Discovered exit to Factory (range 22) 8991 | -6/Waste | Spotted C-40 Crusher 8997 | -6/Waste | Spotted C-40 Crusher 9057 | -6/Waste | Build established: Hacker-Skirmisher 9075 | -6/Waste | Entered Factory 9135 | -6/Factory | Garrison activated, responded to threat 9370 | -6/Factory | Discovered exit to Factory (range 13) 9563 | -6/Factory | Discovered exit to Lower Caves (range 12) 10537 | -6/Factory | Discovered exit to Factory (range 19) 10595 | -6/Factory | Repaired Cld. Deuterium Engine 10766 | -6/Factory | Fabricated Hvy. Siege Treads (x1) 10884 | -6/Factory | Fabricated Hvy. Siege Treads? 11194 | -6/Factory | Entered Extension 11194 | -6/Extension | Accompanied by 1 ally 11211 | -6/Extension | Disrupted transfer network 11224 | -6/Extension | Rescued a captive Derelict 11236 | -6/Extension | Rescued a captive Derelict 11237 | -6/Extension | Rescued a captive Derelict 11252 | -6/Extension | Rescued a captive Derelict 11286 | -6/Extension | Rescued a captive Derelict 11287 | -6/Extension | Rescued a captive Derelict 11415 | -6/Extension | Spotted B-75 Beast 11438 | -6/Extension | Lost 4 allies 11471 | -6/Extension | Rescued a captive Derelict 11472 | -6/Extension | Rescued a captive Derelict 11481 | -6/Extension | Spotted B-75 Beast 11572 | -6/Extension | Rescued A7 11664 | -6/Extension | Rescued a captive Derelict 11735 | -6/Extension | Discovered exit to Factory (range 10) 11736 | -6/Extension | Identified exit to Cetus 11736 | -6/Extension | Discovered exit to Cetus (range 6) 11768 | -6/Extension | Entered Cetus 11768 | -6/Cetus | Accompanied by 4 allies (A7) 11773 | -6/Cetus | Acquired a Cetus Manufacturing Module code from A7 11791 | -6/Cetus | Spotted Cetus Guard 11791 | -6/Cetus | Spotted Cetus Guard 11793 | -6/Cetus | Destroyed Cetus Guard 11793 | -6/Cetus | Spotted Cetus Guard 11796 | -6/Cetus | Spotted Cetus Guard 11801 | -6/Cetus | Destroyed Cetus Guard 11804 | -6/Cetus | Destroyed Cetus Guard 11808 | -6/Cetus | Destroyed Cetus Guard 11891 | -6/Cetus | Discovered exit to Factory (range 21) 12009 | -6/Cetus | Started Cetus Manufacturing Module 12021 | -6/Cetus | Escorted A7 to Cetus Mainframe 12034 | -6/Cetus | Manufactured an Enhanced Grunt 12043 | -6/Cetus | Cetus Manufacturing Module disabled 12132 | -6/Cetus | Identified exit to Archives 12132 | -6/Cetus | Discovered exit to Archives (range 22) 12168 | -6/Cetus | Spotted Cetus Guard 12168 | -6/Cetus | Spotted Cetus Guard 12169 | -6/Cetus | Destroyed Cetus Guard 12171 | -6/Cetus | Spotted Cetus Guard 12173 | -6/Cetus | Spotted Cetus Guard 12174 | -6/Cetus | Destroyed Cetus Guard 12178 | -6/Cetus | Destroyed Cetus Guard 12181 | -6/Cetus | Destroyed Cetus Guard 12190 | -6/Cetus | Discovered exit to Factory (range 21) 12210 | -6/Cetus | Met Revision 17 12284 | -6/Cetus | Entered Factory 12284 | -5/Factory | Accompanied by 5 allies (A7) 12284 | -5/Factory | Evolved 2 slots: Propulsion x1, Utility x1 12289 | -5/Factory | Received a hacking code to weaken MAIN.C 12322 | -5/Factory | Identified exit to Factory 12322 | -5/Factory | Discovered exit to Factory (range 11) 12396 | -5/Factory | Garrison activated, responded to threat 13092 | -5/Factory | Identified exit to Upper Caves 13092 | -5/Factory | Discovered exit to Upper Caves (range 17) 13147 | -5/Factory | Fabricated Adv. Recalibrator? 13285 | -5/Factory | Fabricated Nuclear Pulse Array (x1) 13393 | -5/Factory | Fabricated Imp. Weapon Cycler (x2) 13963 | -5/Factory | Fabricated Exp. Targeting Computer (x1) 14018 | -5/Factory | Fabricated Nuclear Pulse Array (x1) 14325 | -5/Factory | Destroyed 9 combat bots 14638 | -5/Factory | Entered Upper Caves 14833 | -5/Upper Caves | Attracted the attention of an 0b10 checkpoint 15013 | -5/Upper Caves | Ambushed by wild Derelicts 15114 | -5/Upper Caves | Spotted B-75 Beast 15141 | -5/Upper Caves | Build established: Hacker-Construct 15173 | -5/Upper Caves | Identified exit to Upper Caves 15173 | -5/Upper Caves | Discovered exit to Upper Caves (range 22) 15325 | -5/Upper Caves | Entered another Upper Caves area 15343 | -5/Upper Caves | Discovered exit to Factory (range 9) 15442 | -5/Upper Caves | Destroyed 7 combat bots 15677 | -5/Upper Caves | Attracted the attention of an 0b10 base 15879 | -5/Upper Caves | Learned Factory interactive machine intel 16058 | -5/Upper Caves | Attacked by a delusional Derelict stockpiling parts 16134 | -5/Upper Caves | Identified exit to Warlord 16134 | -5/Upper Caves | Discovered exit to Warlord (range 9) 16141 | -5/Upper Caves | Attracted the attention of an 0b10 checkpoint 16157 | -5/Upper Caves | Learned Factory stockpile data 16355 | -5/Upper Caves | Entered Warlord 16567 | -5/Warlord | Met Warlord 16585 | -5/Warlord | Warlord's base attacked by MAIN.C 16603 | -5/Warlord | Found Prototype Device 16603 | -5/Warlord | Identified Exp. Cloaking Device 16611 | -5/Warlord | Found Prototype Processor 16611 | -5/Warlord | Identified Exp. Target Analyzer 16618 | -5/Warlord | Found Prototype Reactor 16624 | -5/Warlord | Found Prototype Hackware 16705 | -5/Warlord | Found Prototype Energy Gun 16705 | -5/Warlord | Identified Vortex Rifle 16935 | -5/Warlord | Warlord forces counterattacked 17032 | -5/Warlord | Opened side exit 17057 | -5/Warlord | Spotted Executioner 17059 | -5/Warlord | Identified exit to Proximity Caves 17059 | -5/Warlord | Discovered exit to Proximity Caves (range 11) 17059 | -5/Warlord | Spotted Executioner 17094 | -5/Warlord | Lost 4 allies 17097 | -5/Warlord | Spotted Executioner 17099 | -5/Warlord | Spotted Executioner 17223 | -5/Warlord | Spotted Striker 17256 | -5/Warlord | Destroyed Striker 17260 | -5/Warlord | Warlord base infiltrated, sounded retreat 17336 | -5/Warlord | Entered Proximity Caves 17413 | -4/Proximity Caves | Attracted the attention of an 0b10 checkpoint 17787 | -4/Proximity Caves | Spotted B-86 Titan 17851 | -4/Proximity Caves | Attracted the attention of an 0b10 outpost 17925 | -4/Proximity Caves | Destroyed 7 combat bots 18304 | -4/Proximity Caves | Discovered exit to Factory (range 12) 18361 | -4/Proximity Caves | Entered Factory 18361 | -4/Factory | Accompanied by 2 allies 18361 | -4/Factory | Evolved 2 slots: Power x1, Utility x1 18363 | -4/Factory | Loaded intel: 51 interactive machine locations 18453 | -4/Factory | Identified Vortex Chain Reactor 18844 | -4/Factory | Garrison activated, responded to threat 18877 | -4/Factory | Identified exit to Research 18877 | -4/Factory | Discovered exit to Research (range 21) 18939 | -4/Factory | Identified exit to Upper Caves 18939 | -4/Factory | Identified exit to Armory 19462 | -4/Factory | P-70 Sage assimilated allied Swordsman 7a 19840 | -4/Factory | Found Prototype Hackware 19840 | -4/Factory | Identified Exp. System Shield 19903 | -4/Factory | Found Prototype Processor 19903 | -4/Factory | Identified Exp. Terrain Scan Processor 20001 | -4/Factory | Found Prototype Launcher 20001 | -4/Factory | Identified Com. Tesla Bomb Launcher 20318 | -4/Factory | Identified Ghost Barrier 20361 | -4/Factory | Fabricated Adv. Surge Thruster (x2) 20361 | -4/Factory | Build established: Hacker-Scout 20392 | -4/Factory | Spotted B-86 Titan 20620 | -4/Factory | Repaired Adv. System Restoration Module 20804 | -4/Factory | Entered Upper Caves 21158 | -4/Upper Caves | Attracted the attention of an 0b10 outpost 21177 | -4/Upper Caves | Attacked by a delusional Derelict stockpiling Unaware 21285 | -4/Upper Caves | Lost 3 allies 21304 | -4/Upper Caves | Identified exit to Upper Caves 21304 | -4/Upper Caves | Discovered exit to Upper Caves (range 11) 21381 | -4/Upper Caves | Learned location of Testing (-2) 21557 | -4/Upper Caves | Entered another Upper Caves area 21557 | -4/Upper Caves | Accompanied by 2 allies 21601 | -4/Upper Caves | Attracted the attention of an 0b10 outpost 21681 | -4/Upper Caves | Destroyed 8 combat bots 21758 | -4/Upper Caves | Identified exit to Zhirov 21758 | -4/Upper Caves | Discovered exit to Zhirov (range 14) 21805 | -4/Upper Caves | Entered Zhirov 21805 | -4/Zhirov | Identified exit to Proximity Caves 21805 | -4/Zhirov | Discovered exit to Proximity Caves (range 3) 21812 | -4/Zhirov | Met Zhirov 21820 | -4/Zhirov | Learned location of Quarantine (-3) 21820 | -4/Zhirov | Learned location of Command (-1) 21827 | -4/Zhirov | Zhirov requested help retrieving the SGEMP Prototype 21862 | -4/Zhirov | Found Alien Artifact 21862 | -4/Zhirov | Identified Transdimensional Reconstructor 21862 | -4/Zhirov | Warped through subspace 21874 | -4/Zhirov | Found Alien Artifact 21874 | -4/Zhirov | Identified Integrated Reactor 21874 | -4/Zhirov | Installed Integrated Reactor, increased core energy generation (+10) 21928 | -4/Zhirov | Entered Proximity Caves 21936 | -3/Proximity Caves | Found Alien Artifact 21936 | -3/Proximity Caves | Identified Dimensional Node Initializer 21936 | -3/Proximity Caves | Initialized slip node 22077 | -3/Proximity Caves | Discovered exit to Research (range 18) 22209 | -3/Proximity Caves | Attracted the attention of an 0b10 outpost 22211 | -3/Proximity Caves | Entered Research 22211 | -3/Research | Evolved 2 slots: Utility x2 22503 | -3/Research | Identified exit to Research 22503 | -3/Research | Discovered exit to Research (range 21) 22694 | -3/Research | Entered another Research area 22694 | -2/Research | Warlord forces began assault on 0b10 22694 | -2/Research | Evolved 2 slots: Utility x2 22804 | -2/Research | Research machine network offline 23266 | -2/Research | Borebot progress halted 23267 | -2/Research | Identified exit to Testing 23267 | -2/Research | Discovered exit to Testing (range 12) 23285 | -2/Research | Borebot progress halted 23355 | -2/Research | Identified exit to Access 23355 | -2/Research | Discovered exit to Access (range 21) 23385 | -2/Research | Spotted Striker 23759 | -2/Research | Found Prototype Device 23759 | -2/Research | Identified Beam Splitter 23761 | -2/Research | Found Beam Splitter 23768 | -2/Research | Met up with Warlord 23769 | -2/Research | Warlord invited to help at Command 23944 | -2/Research | Spotted Striker 23952 | -2/Research | Warlord destroyed during the assault 23959 | -2/Research | Spotted Striker 23981 | -2/Research | Lost 3 allies 24346 | -2/Research | Found Prototype Device 24359 | -2/Research | Identified Exp. Thermal Shield 24485 | -2/Research | Discovered exit to Access (range 20) 24494 | -2/Research | Found Adv. Kinecellerator 24524 | -2/Research | Spotted Executioner 24532 | -2/Research | Spotted Executioner 24565 | -2/Research | Found Prototype Processor 24609 | -2/Research | Identified Exp. Signal Interpreter 24617 | -2/Research | Spotted Striker 24675 | -2/Research | Build established: Hacker-Ninja 24707 | -2/Research | Found Prototype Processor 24715 | -2/Research | Identified Exp. Core Analyzer 24732 | -2/Research | Spotted Executioner 24746 | -2/Research | Found Enh. Force Lance 24754 | -2/Research | Spotted Striker 24761 | -2/Research | Spotted Executioner 24786 | -2/Research | Spotted B-90 Cyclops 25074 | -2/Research | Entered Testing 25075 | -2/Testing | Maximum security lockdown engaged 25090 | -2/Testing | Lost 4 allies 25116 | -2/Testing | Garrison activated, responded to threat 25209 | -2/Testing | Discovered exit to Access (range 19) 25216 | -2/Testing | Entered Access 25216 | -1/Access | Evolved 2 slots: Utility x2 25308 | -1/Access | Spotted B-99 Colossus 25466 | -1/Access | First assault squad dispatched 25468 | -1/Access | P-80 Master assimilated allied Director 10a 25482 | -1/Access | Found Prototype Device 25494 | -1/Access | Identified Exp. Shock Absorption System 25523 | -1/Access | Build established: Wizard-Ninja 25584 | -1/Access | Crushed by falling debris 25622 | -1/Access | Identified exit to Command 25622 | -1/Access | Discovered exit to Command (range 8) 25660 | -1/Access | Identified exit to Surface 25812 | *** | Escaped! Last Messages --------------- 25716_ ALERT: Rogue bot located, Programmers report to Access Zone 1J. 25721_ U-05 Engineer builds a Wall. 25731_ W-44 Eye distress signal jammed. 25732_ W-44 Eye suffers critical hit (Smash). 25732_ Destroyed Adv. Signal Interpreter. 25732_ Destroyed Adv. Visual Processing Unit. 25732_ W-44 Eye system corrupted by crushing effect. 25733_ W-44 Eye system terminally corrupted. 25733_ Antigrav System fried. 25751_ P-80 Master destroyed. 25753_ Acquired 55 matter. 25754_ Acquired 8 matter. 25755_ K-01 Serf collects debris. 25757_ Destroyed Antigrav System. 25757_ W-44 Eye knocked back. 25768_ O-32 Director destroyed. 25774_ Acquired data core, extracted dynamic key. 25774_ Decrypted 7 local trap positions from data. 25775_ Acquired 33 matter. 25808_ Main Access Shell breached. Map ----- +----------------------------------------------------+ | ?????????????????????????? ? ? ? ? ######### | | ?????????????????????????????? ? ### | | ?????????????????????????????? ?? ###? | | ??????????????????????????????? ?"""""? ### | | ??????????????????????????????? ?"""" ### | | ???????????????????????????? ?? """"" ### ""?" | | ?????????????????????????? +? """"" ### """" | | ???????????????????????? # """"" ### ? | | ??????????????????? ??# ##?########?#### | | ?????????????????????##? ?#####?################# | | ???????????????????# ? ########### | | ?????????????#??##?# ########### | | ?????????????????### ? #####?##### | | ??????????????????## ? #####?##### | | ?????????????#???##? BB BB ########### | | ????????????#??##### BB BB ########### | | ????????????????###?? #####?##### | | ???????????????#####""""?"?"""########### | | ???????????????##?##"""""""?"?########### = | | ???????????????#?###""""""""""########### | | ????????????#???#?#?""""?"""""########### | | ????????????????#?## ###?####### | | ???????????????####???"""""" ##########p######### | | ???????????##??#####? " " #########"####### | | ??????????#???###### " "" ; " pp # | | ??????????????? ### " "@ " #### # # | | ??????????????? ##? " " #### """"" # # | | ??????????????? ##?? """""" #?## """""""" # # | | ????????????? ?? #?# #??# """""""" # # | | ?????????? ??? #??? ? #### """"" # ?# | | ???????????????? ?#"""?""""""""?## # ?# | | ???????????????? ?##"" #### # # | | ???????????????? ###?" #### # # | | ?????????????? ??##"" #### + # | | ?????????????????###T ??#### # # | | ??????????????????##""? ? ?? #### # ?# | | ??????????????????##"" ################# # | | ????????????????##?#"" ??? #######?##?#####? | | ??????????????????? ? p p ? | | ???????????????? ? ?? ? ? ? | | ??????????????????????##???###?####?###??#/### ?? | | ???????????????????????##??#?#?#?#### ?? ? ????? | | ??????????????????????????#######?#?# ??????? | | ?????????????????????????????#######? ? ????????? | | ???????????????????????????????#??#??????????????? | | ?????????????????????????????????????????????????? | | ?????????????????????????????????????????????????? | | ?????????????????????????????????????????????????? | | ?????????????????????????????????????????????????? | | ?????????????????????????????????????????????????? | +----------------------------------------------------+ Best States ------------- Heat Dissipation 81 Coolant Potential 100 Energy Generation 65 Energy Capacity 700 Matter Stores 300 Matter Capacity 300 Sight Range 23 Robot Scan Range 20 Terrain Scan Range 20 Terrain Scan Density 1010 ECM Strength 2 Jamming Range 16 Cloak Strength 4 Additional Mass Support 9 Corruption Containment 12 Resistance: KI 35 Resistance: TH 100 Resistance: EX 35 Resistance: EM 35 Resistance: I 35 Resistance: S 35 Resistance: P 35 Propulsion Shielding 33 Weapon Cycling 20 Evasion (%) 75 Targeting Accuracy 12 Target Analysis 10 Core Analysis 8 Recoil Reduction 5 Matter Filtering 30 Particle Charging 30 Kinecelleration 50 Salvage Targeting 2 Offensive Hacking 48 Defensive Hacking 36 Authchip Count 4 Item Schematics ----------------- Med. Storage Unit | -10/Materials | Hacked Hcp. Storage Unit | -9/Materials | Hacked Terrain Scan Processor | -9/Materials | Hacked Imp. Flight Unit | -9/Materials | Scanalyzed Lgt. Angular Momentum Engine | -9/Materials | Scanalyzed Adv. Visual Processing Unit | -8/Materials | Hacked Adv. Treads | -8/Recycling | Hacked Hacking Suite | -8/Recycling | Hacked Cesium-ion Thruster | -8/Recycling | Hacked Adv. Weight Redist. System | -8/Recycling | Hacked Hvy. Assault Cannon | -8/Recycling | Hacked Minigun | -8/Recycling | Hacked Adv. Terrain Scan Processor | -8/Recycling | Hacked Cld. VTOL Module | -6/Factory | Scanalyzed Hvy. Siege Treads | -6/Factory | Hacked Nuclear Pulse Array | -6/Factory | Hacked Exp. Targeting Computer | -5/Factory | Hacked Imp. Weapon Cycler | -5/Factory | Hacked Adv. Heavy Siege Treads | -4/Factory | Hacked Exp. Heat Sink | -4/Factory | Hacked Neutron Cannon | -4/Factory | Scanalyzed Adv. Surge Thruster | -4/Factory | Hacked Adv. Coolant Injector | -4/Factory | Hacked Adv. Matter Compressor | -4/Factory | Scanalyzed Adv. System Restoration Module | -4/Factory | Scanalyzed Assault Drone Bay | -4/Zhirov | Free Exp. Optical Array | -4/Zhirov | Free Imp. Arc Thrower | -4/Zhirov | Free Robot Schematics ------------------ None Fabricated ------------ Adv. Treads | x2 | -6/Factory | Authchip Adv. Treads | x2 | -6/Factory | Authchip Cld. VTOL Module | x1 | -6/Factory Hvy. Siege Treads | x1 | -6/Factory | Authchip Hvy. Siege Treads | x1 | -6/Factory Adv. Recalibrator | x2 | -5/Factory | Preloaded Nuclear Pulse Array | x1 | -5/Factory Imp. Weapon Cycler | x2 | -5/Factory Exp. Targeting Computer | x1 | -5/Factory Nuclear Pulse Array | x1 | -5/Factory Adv. Surge Thruster | x2 | -4/Factory Alien Tech Used ----------------- Transdimensional Reconstructor Integrated Reactor Dimensional Node Initializer Achievements -------------- None Challenges ------------ None Game ------ Seed EncryptedTitaniumCore Manual? 0 Play Time 11:49:27 Cumulative 524.9 hours Start 2024.02.28 @ 22:19:33 End 2024.03.05 @ 03:34:09 Sessions 9 Manual Loads 0 Difficulty Explorer Special Mode None Game No. 64 Rogue 3 Adventurer 3 Explorer 58 Win Type 0 Total 28 Types 22/3/2/1/0/0/0/0/0 Lore% 65 Gallery% 83 Achievement% 91 Wizard Run 0 Options --------- Layout 0 ASCII 0 Keyboard 1 Movement Vi Keybinds 1 Fullscreen 2 Font 24/Terminus Map View 76x50 Zoom Use 0% Tactical HUD 1 Map Filters NONE Filters NONE Steam 1 RUN: 86a66ad5-1fb7-487d-b399-e18298e5e640